Map: Blackrock LE

Players

sebesdes

  • Race: Protoss Protoss
  • League: Grandmaster
  • Spawn Location: 7:00

Elazer - Winner!

  • Race: Zerg Zerg
  • League: Master
  • Spawn Location: 1:00

Event: HomeStory Cup XXIX

VOD

Have the link to the VOD?

Description

Time

  • Played on: July 3, 2026, 2:38 p.m.
  • Length: 4:40

All games in this series

Show
View Real Time Build Order
Export as new Build Order

sebesdes Protoss 

Build Orders:  

Get SALT Encoding   

  8  0:00  Probe (Chrono Boost)  
  9  0:12  Probe (Chrono Boost)  
  10  0:21  Probe (Chrono Boost)  
  11  0:26  Probe  
  12  0:35  Pylon  
  12  0:39  Probe  
  13  0:54  Gateway  
  13  1:06  Gateway  
  13  1:10  Probe  
  14  1:23  Probe  
  15  1:28  Pylon  
  15  1:35  Probe  
  16  1:46  Zealot (Chrono Boost)  
  18  1:47  Probe  
  18  1:53  Zealot (Chrono Boost)  
  23  2:12  Zealot (Chrono Boost)  
  23  2:15  Zealot (Chrono Boost)  
  25  2:19  Assimilator  
  25  2:30  Zealot (Chrono Boost)  
  25  2:35  Zealot  
  29  2:37  Cybernetics Core  
  29  2:42  Pylon  
  29  3:00  Probe, Zealot (Chrono Boost)  
  29  3:04  Zealot (Chrono Boost)  
  35  3:12  Probe  
  35  3:24  Adept (Chrono Boost), Probe  
  36  3:34  Shield Battery  
  36  3:37  Adept (Chrono Boost)  
  36  3:40  Pylon  
  37  3:41  Assimilator  
  37  3:58  Probe, Stalker  
  32  4:10  Probe  
  19  4:22  Probe  
Show
View Real Time Build Order
Export as new Build Order

Elazer Zerg - Winner!

Build Orders: Hatch First 

Get SALT Encoding   

  8  0:00  Drone  
  9  0:09  Drone  
  10  0:16  Drone  
  11  0:22  Drone  
  12  0:32  Overlord  
  12  0:41  Extractor  
  12  0:42  Drone  
  13  0:50  Drone x2  
  15  1:00  Drone  
  16  1:13  Hatchery  
  16  1:18  Drone  
  16  1:21  Drone  
  17  1:29  Drone  
  17  1:32  Extractor  
  17  1:40  Spawning Pool  
  17  1:43  Drone  
  17  1:50  Drone  
  18  2:00  Drone  
  19  2:11  Overlord  
  19  2:27  Spine Crawler  
  19  2:28  Zergling x4  
  20  2:30  Spine Crawler  
  20  2:31  Zergling x2  
  20  2:32  Spine Crawler  
  19  2:37  Zergling x2  
  19  2:40  Zergling x2  
  21  2:51  Zergling x4  
  23  2:53  Queen  
  25  3:04  Zergling x4  
  27  3:09  Spine Crawler  
  27  3:11  Zergling x4  
  27  3:20  Zergling x2  
  27  3:33  Zergling x6  
  30  3:47  Zergling x4  
  31  4:05  Zergling x4  
  29  4:11  Zergling x6  
  30  4:18  Zergling x2  
Tags
 
Add a new tag
Caveats
  • Supply blocks, unpowered buildings, or Contaminate may cause inaccurate times.
  • Supply counts are checked every 10 seconds.